 Dungeon Crawl Stone Soup version 0.30-b1-2-g02819fbbbe (webtiles) character file.

Game seed: 11739140308075562502

305 Barriton the Conjurer (level 6, -3/48 HPs)
             Began as a Draconian Conjurer on May 9, 2023.
             Slain by Pikel
             ... wielding a +0 whip of flaming
              (6 damage)
             ... on level 4 of the Dungeon.
             The game lasted 00:05:07 (3795 turns).

Barriton the Conjurer (Draconian Conjurer)          Turns: 3795, Time: 00:05:08

Health: -3/48      AC:  7    Str:  9    XL:     6   Next: 16%
Magic:  0/10       EV: 12    Int: 21    God:
Gold:   190        SH:  0    Dex:  9    Spells: 8/11 levels left

rFire   . .          .
                       - Unarmed
rCold   . . .        (no shield)
rNeg    . . .        (body armour unavailable)
rPois   .            (helmet restricted)
rElec   .            (no cloak)
rCorr   .            c - +0 pair of gloves
SInv    .            (no boots)
Will    .....        f - amulet of regeneration
Stlth   ++           (no ring)
HPRegen 1.08/turn    (no ring)
MPRegen 0.12/turn

%: no passive effects
@: no status effects
A: AC +6, unfitting armour, cold-blooded
a: no special abilities


You were on level 4 of the Dungeon.
You visited 1 branch of the dungeon, and saw 4 of its levels.

You collected 190 gold pieces.

Inventory:

Armour
 c - a +0 pair of gloves (worn)
Jewellery
 e - an amulet of faith
 f - an amulet of regeneration (around neck)
 l - a +6 ring of intelligence
Wands
 a - a wand of polymorph (8)
 n - a wand of paralysis (9)
Scrolls
 j - a scroll of fog
Potions
 b - 5 potions of curing
 d - 2 potions of haste
 g - a potion of attraction {unknown}
 h - a potion of brilliance {unknown}
 i - a potion of degeneration {unknown}


   Skills:
 + Level 1.8 Fighting
 + Level 2.7 Dodging
 + Level 2.2 Stealth
 + Level 2.4 Unarmed Combat
 + Level 3.1 Spellcasting
 + Level 5.3 Conjurations


You had 8 spell levels left.
You knew the following spells:

 Your Spells              Type           Power      Damage    Failure   Level
a - Magic Dart            Conj           100%       1d8       1%          1
b - Searing Ray           Conj           50%        2d6       2%          2

Your spell library contained the following spells:

 Spells                   Type           Power      Damage    Failure   Level
 Dazzling Flash           Conj/Hex       28%        N/A       13%         3
 Sublimation of Blood     Necr           3%         N/A       21%         2
 Wereblood                Tmut           3%         N/A       21%         2
 Fulminant Prism          Conj/Hex       7%         3d7       41%         4
 Iskenderun's Mystic Bla  Conj/Tloc      14%        2d5       41%         4
 Summon Hydra             Summ           1%         N/A       100%        7


Dungeon Overview and Level Annotations

Branches:
Dungeon (4/15)
 Temple: D:4-7

Altars:
Ashenzari
Cheibriados
Dithmenos
Gozag
Uskayaw
Zin

Annotations:
D:3 3 runed translucent doors, NitroKuite's ghost, amateur MfGl
D:4 Pikel


Innate Abilities, Weirdness & Mutations

Your plain brown scales are hard. (AC +6)
You cannot fit into any form of body armour.
You are cold-blooded and may be slowed by cold attacks.


Message History

The magic dart hits Pikel.
Pikel is almost dead.
Pikel hits you with a +0 whip of flaming.
* * * LOW HITPOINT WARNING * * *
Pikel burns you.
* * * LOW HITPOINT WARNING * * *
You closely miss Pikel.
Pikel is almost dead.
Pikel hits you with a +0 whip of flaming.
* * * LOW HITPOINT WARNING * * *
Pikel burns you.
* * * LOW HITPOINT WARNING * * *
You hit Pikel but do no damage.
Pikel is almost dead.
Pikel hits you with a +0 whip of flaming.
* * * LOW HITPOINT WARNING * * *
Pikel burns you.
* * * LOW HITPOINT WARNING * * *
The endoplasm jiggles.
Pikel attacks as you move away!
Pikel hits you with a +0 whip of flaming.
* * * LOW HITPOINT WARNING * * *
Pikel burns you.
* * * LOW HITPOINT WARNING * * *
Pikel attacks as you move away! Pikel hits you but does no damage.
Pikel attacks as you move away! Pikel barely misses you.
Casting: Magic Dart (safe; 1% risk of failure)
Confirm with . or Enter, or press ? or * to list all spells.
Aiming: Magic Dart (safe; 1% risk of failure)
Press: ? - help, Shift-Dir - straight line, f/p - Pikel
Aim: Pikel, wielding a +0 whip of flaming and wearing a +0 robe (almost dead, 100% to hit)
The magic dart hits Pikel.
Pikel is almost dead.
Pikel hits you with a +0 whip of flaming.
* * * LOW HITPOINT WARNING * * *
Pikel burns you.
* * * LOW HITPOINT WARNING * * *
Pikel attacks as you move away!
Pikel hits you with a +0 whip of flaming.
You die...

#.# #. #.# #.#
#.# #.#
#.##############
#.)............
#.####.#####.#
#.# #....@K..#
#.# ##.####..#
#.# ###
#.5####### ...
#......... ..)
#.######## ...
#J# #.# #.# #.#


You could see Pikel and a lemure.

Vanquished Creatures
  An ogre (D:4)
  2 lemures (D:4)
  A jelly (D:3)
  An iron imp (D:3)
  Ijyb (D:3)
  Terence (D:3)
  3 gnolls (D:2)
  4 adders
  3 worms
  4 orcs (D:4)
  3 endoplasms
  4 goblins
  5 hobgoblins
  A quokka (D:1)
  3 bats
  3 frilled lizards
  4 kobolds (D:3)
  2 rats
46 creatures vanquished.

Notes
Turn   | Place    | Note
-------+----------+-------------------------------------------
     0 | D:1      | Barriton the Draconian Conjurer began the quest for the
                  | Orb.
     0 | D:1      | Reached XP level 1. HP: 14/14 MP: 3/3
    86 | D:1      | Found a faded altar of an unknown god.
  1041 | D:2      | Reached XP level 2. HP: 16/20 MP: 0/5
  1188 | D:2      | Reached XP level 3. HP: 14/26 MP: 0/6
  1273 | D:2      | Reached skill level 1 in Unarmed Combat
  2083 | D:3      | Reached skill level 1 in Fighting
  2083 | D:3      | Reached XP level 4. HP: 35/35 MP: 1/7
  2086 | D:3      | Learned a level 2 spell: Searing Ray
  2194 | D:3      | Found a hide-covered altar of Uskayaw.
  2417 | D:3      | Found a glowing silver altar of Zin.
  2484 | D:3      | Noticed Ijyb
  2502 | D:3      | Paralysed by Ijyb for 5 turns
  2517 | D:3      | Killed Ijyb
  2582 | D:3      | Found a shadowy altar of Dithmenos.
  2582 | D:3      | Noticed Terence
  2625 | D:3      | Killed Terence
  2626 | D:3      | Reached XP level 5. HP: 17/40 MP: 5/8
  2733 | D:3      | Found a snail-covered altar of Cheibriados.
  2765 | D:3      | Reached skill level 5 in Conjurations
  2958 | D:3      | Found a broken altar of Ashenzari.
  3107 | D:3      | Found a runed translucent gate.
  3107 | D:3      | Found a runed translucent gate.
  3109 | D:3      | Found a runed translucent gate.
  3109 | D:3      | Found an opulent altar of Gozag.
  3112 | D:3      | Noticed NitroKuite's ghost (amateur MfGl)
  3672 | D:4      | Noticed an ogre
  3678 | D:4      | Killed an ogre
  3679 | D:4      | Reached XP level 6. HP: 46/48 MP: 1/10
  3762 | D:4      | Noticed Pikel
  3789 | D:4      | HP: 2/48 [Pikel/+0 whip of flaming (1)]
  3795 | D:4      | Slain by Pikel

Illustrated notes

Levels and vault maps discovered:
D:1:      dpeg_arrival_water_fire, layout_loops_ring,
          ebering_ecumenical_altar_webs, serial_bayou_pond_c
D:2:      layout_loops_ring
D:3:      layout_loops_ring, general_overflow_altar, slow_altar_1,
          overflow_temple_1_default, mainiacjoe_overflow_chevrons,
          nicolae_dithmenos_the_darkroom, ebering_ghost_gozag, uniq_ijyb,
          uniq_terence
D:4:      layout_loops_ring, uniq_pikel

Skill      XL: |  1  2  3  4  5 |
---------------+----------------+-----
Dodging        | 2 |  2.7
Unarmed Combat | 1 2 |  2.4
Fighting       | 1 |  1.8
Stealth        | 2 |  2.2
Conjurations   | 5 |  5.3
Spellcasting   | 3 |  3.1

Action                     |  1- 3 |  4- 6 || total
---------------------------+-------+-------++-------
  Melee: Unarmed           |    89 |    80 ||   169
         Tailslap          |    16 |    13 ||    29
         Punch             |       |     2 ||     2
   Cast: Magic Dart        |    64 |    49 ||   113
         Searing Ray       |       |    11 ||    11
    Use: Scroll            |     2 |     4 ||     6
         Potion            |       |     1 ||     1
 Armour: Skin              |    14 |    23 ||    37
  Dodge: Dodged            |    37 |    40 ||    77
